 Dungeon Crawl Stone Soup version 0.27.1-34-g3ba077fa99 (webtiles) character file.

Game seed: 8107750792228864792

100 comborobin the Sneak (level 4, -1/28 HPs)
             Began as a Tengu Delver on Jan 4, 2022.
             Slain by an orc wizard (6 damage)
             ... on level 3 of the Dungeon.
             The game lasted 00:05:05 (3179 turns).

comborobin the Sneak (Tengu Delver)                 Turns: 3179, Time: 00:05:05

Health: -1/28      AC:  6    Str: 13    XL:     4   Next: 73%
Magic:  14/14      EV: 12    Int: 10    God:
Gold:   103        SH:  0    Dex: 16    Spells: 3/3 levels left

rFire    . . .     SeeInvis .   r - +2 dagger (elec)
rCold    + . .     Faith    .   (no shield)
rNeg     . . .     Spirit   .   e - +3 leather armour
rPois    .         Reflect  .   (helmet restricted)
rElec    .         Harm     .   (no cloak)
rCorr    .         Rampage  .   (no gloves)
Will     .....     Rnd*Rage +   (boots unavailable)
Stlth    +++.......             (no amulet)
HPRegen  0.09/turn              p - ring of protection from cold
MPRegen  0.14/turn              o - ring of magical power

@: lethally poisoned (-1 -> -13), hasted, very quick
A: beak, talons 3, berserk 1
a: no special abilities


You were on level 3 of the Dungeon.
You visited 1 branch of the dungeon, and saw 5 of its levels.

You collected 103 gold pieces.

Inventory:

Hand Weapons
 a - a +1 vampiric long sword
 d - a +0 rapier
 r - a +2 dagger of electrocution (weapon)
 s - a +2 trident of freezing
Missiles
 c - 22 poisoned darts (quivered)
Armour
 e - a +3 leather armour (worn)
 g - a +2 kite shield
 m - a +0 leather armour
Jewellery
 h - a ring of ice
 k - a ring of positive energy
 o - a ring of magical power (right hand)
 p - a ring of protection from cold (left hand)
Wands
 f - a wand of digging (3)
Scrolls
 l - a scroll of amnesia
 n - a scroll of identify {unknown}
 q - a scroll of blinking {unknown}
Potions
 b - a potion of mutation
 i - a potion of magic


   Skills:
 - Level 3.6 Fighting
 + Level 0.6(1.0) Short Blades
 - Level 0.9(1.0) Long Blades
 - Level 2.6 Throwing
 - Level 1.2 Armour
 - Level 2.6 Dodging
 - Level 5.0 Stealth
 - Level 2.1 Unarmed Combat


You had 3 spell levels left.
You didn't know any spells.
Your spell library contained the following spells:

 Spells                   Type           Power      Damage    Failure   Level
 Ignite Poison            Fire/Tmut/Pois 0%         N/A       82%         3
 Mephitic Cloud           Conj/Pois/Air  0%         N/A       82%         3
 Stone Arrow              Conj/Erth      0%         3d7       82%         3
 Bolt of Magma            Conj/Fire/Erth 0%         4d4       100%        5
 Shatter                  Erth           0%         3d5*      100%        9


Dungeon Overview and Level Annotations

Branches:
Dungeon (5/15)             Temple (0/1) D:5

Altars:
Vehumet

Shops:
D:1 =   D:5 ?[

Annotations:
D:2 Sigmund


Innate Abilities, Weirdness & Mutations

You have a beak for a mouth.
You have claws for feet.
You tend to lose your temper in combat.


Message History

Here: an orc wizard, wielding a +2 dagger of venom and wearing a +0 robe The floor.
You closely miss the orc wizard. You claw the orc wizard.
You peck the orc wizard.
The orc wizard is moderately wounded.
You feel sick. The orc hits you but does no damage.
The orc wizard hits you but does no damage.
You barely miss the orc wizard.
The orc wizard is moderately wounded.
You feel sick. The orc misses you.
The orc wizard hits you but does no damage.
You are more poisoned.
You hit the orc wizard but do no damage.
Your kick misses the orc wizard. You peck the orc wizard.
The orc wizard is heavily wounded.
You feel very sick. The orc hits you but does no damage.
The orc wizard hits you but does no damage.
You are lethally poisoned!
Unknown command.
Okay, then.
You barely miss the orc wizard.
The orc wizard is heavily wounded.
You feel very sick.
The orc wizard hits you but does no damage.
You are more poisoned.
The orc hits you with a +0 club.
It was a potion of mutation.
You feel extremely strange.
You feel a little pissed off.
* * * LOW HITPOINT WARNING * * *
You feel very sick. The orc hits you but does no damage.
The orc wizard gestures at you while chanting.
You resist with some effort.
You feel yourself speed up.
* * * LOW HITPOINT WARNING * * *
You feel very sick. The orc closely misses you.
The orc wizard hits you with a +2 dagger of venom.
You die...

..### #.............# #.#
....###.############# ####.#
..#.....# ..# #.. ..##.# ###
..#.....#. ##.###.####.##.# #<#
..#.....#.###<..........##.## #.#
...........<...........>....# #o#
........#.#.#...#.......##..# #.#
.....####.#.#.#o...#).......# #.#
......###.#.#.#o@..#.....##.# #.#
..........#............#.##.# #o#
....#..#..###............##.# #.#
....##.#....................###.#
....##.#.#######.[........{.o...#
....##...# #.#.##############
#.#####..# #.#.# #. #..#
#####.#.# #. #####.###.....#.#


You could see an orc wizard and an orc.

Vanquished Creatures
  An iguana (D:1)
  2 adders
  A worm (D:2)
  A dart slug (D:2)
  7 orcs (D:3)
  2 bats (D:1)
  8 endoplasms
  A giant cockroach (D:2)
  A goblin (D:1)
  2 hobgoblins
  A quokka (D:3)
  6 ball pythons
  4 frilled lizards
  3 kobolds
  7 rats
47 creatures vanquished.

Vanquished Creatures (others)
  2 gnolls (D:4)
  A hobgoblin (D:4)
  A plant (D:5)
4 creatures vanquished.

Grand Total: 51 creatures vanquished

Notes
Turn   | Place    | Note
-------+----------+-------------------------------------------
     0 | D:5      | comborobin the Tengu Delver began the quest for the Orb.
     0 | D:5      | Reached XP level 1. HP: 14/14 MP: 2/2
     0 | D:5      | Found Cufeqigeu's Armour Boutique.
    97 | D:5      | Noticed an iguana
   138 | D:5      | Found Romupsoyd's Magic Scroll Emporium.
   154 | D:4      | Reached XP level 2. HP: 12/19 MP: 3/3
   408 | D:4      | Found a radiant altar of Vehumet.
   412 | D:4      | Noticed a scorpion
   483 | D:4      | Noticed a phantom
   956 | D:2      | Noticed Sigmund
  1098 | D:1      | Found a faded altar of an unknown god.
  1102 | D:1      | Reached skill level 1 in Armour
  1283 | D:1      | Reached XP level 3. HP: 14/23 MP: 4/4
  1632 | D:1      | Found Desuch's Jewellery Emporium.
  2178 | D:2      | Reached skill level 1 in Throwing
  2232 | D:1      | HP: 1/23 [iguana (11)]
  2235 | D:1      | Reached XP level 4. HP: 2/28 MP: 5/5
  3178 | D:3      | Gained mutation: You tend to lose your temper in combat.
                  | [potion of mutation]
  3179 | D:3      | Slain by an orc wizard

Illustrated notes

Levels and vault maps discovered:
D:1:      sevenhm_arrival_forest_fort_large_2, layout_loops_ring,
          basic_ecumenical_altar, serial_shops, shop,
          minmay_misc_feat_nine_boxes, nrook_uturn
D:2:      layout_rooms, basic_altar, minmay_hexomino_c4, uniq_natasha,
          uniq_sigmund
D:3:      layout_basic
D:4:      layout_basic, fiery_altar_vehumet,
          hangedman_abyss_or_decor_jellyfish_corner, dk_noncrumbling_2,
          ldierk_geyser, uniq_pikel, uniq_eustachio
D:5:      layout_basic, mainiacjoe_overflow_alcove_1,
          minmay_temple_entry_junction, serial_shops, shop,
          nicolae_shop_overgrown_old_shop, nicolae_stop_n_shop_1

Skill      XL: |  1  2  3 |
---------------+----------+-----
Armour         | 1 |  1.2
Throwing       | 2 |  2.6
Fighting       | |  3.6
Short Blades   | |  0.6
Long Blades    | |  0.9
Dodging        | |  2.6
Stealth        | |  5.0
Unarmed Combat | |  2.1

Action                   |  1- 3 |  4- 6 || total
-------------------------+-------+-------++-------
Melee: Unarmed           |    64 |    16 ||    80
       Kick              |    16 |    19 ||    35
       Peck              |     8 |     7 ||    15
       Long sword        |       |    13 ||    13
       Dagger            |       |    11 ||    11
       Punch             |       |     1 ||     1
Throw: Dart              |     7 |       ||     7
  Use: Scroll            |     6 |     1 ||     7
       Potion            |     6 |     2 ||     8
 Stab: Sleeping          |    10 |     4 ||    14
Armor: Leather armour    |    20 |    21 ||    41
Dodge: Dodged            |    39 |    11 ||    50
       Rpst.: Long sword |       |     1 ||     1
